 Dungeon Crawl Stone Soup version 0.25-a0-426-g7d9e569eea (webtiles) character file.

Game seed: 9894548145633202244, levelgen mode: deterministic

64 kae the Changer (level 3, -1/28 HPs)
             Began as a Draconian Transmuter on Jan 24, 2020.
             Slain by a gnoll (4 damage)
             ... on level 2 of the Dungeon.
             The game lasted 00:01:49 (1778 turns).

kae the Changer (Draconian Transmuter)              Turns: 1778, Time: 00:01:49

Health: -1/28      AC:  5    Str:  9 (12) XL:     3   Next: 91%
Magic:  6/6        EV: 12    Int: 10 (13) God:
Gold:   51         SH:  0    Dex:  9 (12) Spells: 0/6 levels left

rFire    . . .     SeeInvis .   f - +0 mace
rCold    . . .     Gourm    .   (no shield)
rNeg     . . .     Faith    .   (armour unavailable)
rPois    .         Spirit   .   (helmet restricted)
rElec    .         Reflect  .   (no cloak)
rCorr    .         Harm     .   (no gloves)
MR       .....                  (no boots)
Stlth    +.........             (no amulet)
HPRegen  0.09/turn              (no ring)
MPRegen  0.10/turn              (no ring)

@: no status effects
A: unfitting armour, cold-blooded, AC +5
a: no special abilities


You were on level 2 of the Dungeon.
You were not hungry.

You visited 1 branch of the dungeon, and saw 3 of its levels.

You collected 51 gold pieces.

Inventory:

Hand Weapons
 f - a +0 mace (weapon)
Missiles
 a - 9 arrows
Scrolls
 b - a scroll of teleportation {unknown}
 h - a scroll of identify
Potions
 e - 2 potions of curing {unknown}
Comestibles
 c - 2 rations
 g - 2 chunks of flesh


   Skills:
 - Level 1.1 Fighting
 - Level 1.7 Dodging
 - Level 3.0 Unarmed Combat
 - Level 2.0 Spellcasting
 + Level 4.3 Transmutations


You couldn't memorise any spells.
You knew the following spells:

 Your Spells              Type           Power        Failure   Level  Hunger
a - Beastly Appendage     Tmut           #.....       5%          1    ##.....
b - Sticks to Snakes      Tmut           #.......     9%          2    ###....
c - Spider Form           Tmut/Pois      #.........   36%         3    ####...

Your spell library contained the following spells:

 Spells                   Type           Power        Failure   Level  Hunger
 Ice Form                 Ice/Tmut       #.......     78%         4    #####..
 Blade Hands              Tmut           #.........   83%         5    ######.


Dungeon Overview and Level Annotations

Branches:
Dungeon (3/15)

Altars:


Innate Abilities, Weirdness & Mutations

Your plain brown scales are hard. (AC +5)
You cannot fit into any form of body armour.
You are cold-blooded and may be slowed by cold attacks.


Message History

An orc comes into view. It is wielding a +0 falchion.
The orc shouts!
You hear a shout!
An orc comes into view. It is wielding a +0 dagger.
The orc shouts!
You hear a shout!
An orc comes into view. It is wielding a +0 club.
The orc hits you with a +0 dagger.
* * * LOW HITPOINT WARNING * * *
There is a stone staircase leading up here.
You climb upwards.
The gnoll hits you from afar with a +0 spear.
* * * LOW HITPOINT WARNING * * *
The gnoll completely misses you.
The gnoll hits you but does no damage. x2
There is a stone staircase leading down here.
Unknown command.
Okay, then.
It was a potion of degeneration.
There was something very wrong with that liquid.
You feel weakened.
You feel dopey.
You feel clumsy. The gnoll barely misses you. The gnoll hits you.
You die...

####.##.#.#g# #...##.#.#
......#.#.#.# #...##.#.#
).........#.# #..(##.#.#
.>......#.#.# #...##.#g#
........###.# #...##....
............###...##..g.
####+#.................^
#.################...
#..g@.gg!...........#
#####################


You could see 3 gnolls.

Vanquished Creatures
  An ooze (D:2)
  3 dart slugs
  A leopard gecko (D:3)
  An orc (D:3)
  3 bats
  2 goblins
  4 hobgoblins (D:1)
  3 frilled lizards
  5 kobolds
  4 rats
27 creatures vanquished.

Vanquished Creatures (collateral kills)
  An orc wizard (D:3)
  An adder (D:3)
2 creatures vanquished.

Grand Total: 29 creatures vanquished

Notes
Turn   | Place    | Note
-------+----------+-------------------------------------------
     0 | D:1      | kae the Draconian Transmuter began the quest for the Orb.
     0 | D:1      | Reached XP level 1. HP: 16/16 MP: 3/3
   298 | D:1      | Reached XP level 2. HP: 22/23 MP: 5/5
   667 | D:1      | Reached skill level 3 in Transmutations
  1312 | D:2      | Reached XP level 3. HP: 24/28 MP: 4/6
  1552 | D:3      | Learned a level 2 spell: Sticks to Snakes
  1558 | D:3      | Reached skill level 4 in Transmutations
  1689 | D:3      | Learned a level 3 spell: Spider Form
  1778 | D:2      | Slain by a gnoll

Levels and vault maps discovered:
D:1:      minmay_arrival_jagged, layout_loops_corners, minmay_misc_feat_alley
D:2:      layout_basic, grunt_qazlal_clouds
D:3:      layout_basic, st_stairs_4

Skill      XL: |  1  2  3 |
---------------+----------+-----
Transmutations | 3 4 |  4.3
Fighting       | |  1.1
Dodging        | |  1.7
Unarmed Combat | |  3.0
Spellcasting   | |  2.0

Action                   || total
-------------------------++-------
Melee: Unarmed           ||    18
       Short sword       ||    34
       Tailslap          ||     9
       Headbutt          ||     2
       Mace              ||    44
       Kick              ||     3
       Punch             ||     1
 Cast: Beastly Appendage ||    11
       Sticks to Snakes  ||     3
  Use: Scroll            ||     2
       Potion            ||     1
  Eat: Chunk             ||     3
Armor: Skin              ||    41
Dodge: Dodged            ||    76

Table legend:
 A = Non-vault XP
 B = Vault XP
 C = Vault XP percentage of total XP
 D = Non-vault monster count
 E = Vault monster count
 F = Vault count percentage of total count
                 A         B        C        D         E       F
            +---------+---------+-------+---------+---------+-------
      Total |      81 |      11 |  12.0 |      28 |       1 |   3.4
            +---------+---------+-------+---------+---------+-------
        D:1 |      29 |       0 |   0.0 |      16 |       0 |   0.0
        D:2 |      12 |       0 |   0.0 |       3 |       0 |   0.0
        D:3 |      40 |      11 |  21.6 |       9 |       1 |  10.0
            +---------+---------+-------+---------+---------+-------
